 Dungeon Crawl Stone Soup version 0.21.1-1-g345015fe64 (webtiles) character file.

245 Kohma the Stinger (level 5, -23/24 HPs)
             Began as a Spriggan Venom Mage on June 21, 2018.
             Annihilated by a two-headed ogre
             ... wielding a +0 giant club
              (26 damage)
             ... on level 4 of the Dungeon.
             The game lasted 00:09:41 (3078 turns).

Kohma the Stinger (Spriggan Venom Mage)             Turns: 3078, Time: 00:09:41

Health: -23/24     AC:  3    Str:  5    XL:     5   Next: 83%
Magic:  1/12       EV: 18    Int: 16    God:
Gold:   167        SH:  0    Dex: 17    Spells: 6/12 levels left

rFire    . . .     SeeInvis +   a - +0 dagger
rCold    . . .     Gourm    .   (shield restricted)
rNeg     . . .     Faith    .   f - +0 robe
rPois    .         Spirit   .   (helmet restricted)
rElec    .         Reflect  .   v - +0 cloak
rCorr    .         Harm     .   (gloves unavailable)
MR       .....                  (boots unavailable)
Stlth    ++........             (no amulet)
HPRegen  0.08/turn              (no ring)
MPRegen  0.13/turn              (no ring)

@: very quick
A: very small, unfitting armour, see invisible, herbivore, speed 3, slow
metabolism 2
a: no special abilities


You were on level 4 of the Dungeon.
You were hungry.

You visited 1 branch of the dungeon, and saw 5 of its levels.

You collected 167 gold pieces.

Inventory:

Hand Weapons
 a - a +0 dagger (weapon)
Missiles
 e - 27 sling bullets
Armour
 f - a +0 robe (worn)
 v - a +0 cloak (worn)
Jewellery
 o - an uncursed ring of resist corrosion
Scrolls
 j - a scroll of remove curse {unknown}
 k - a scroll of teleportation {unknown}
 m - a scroll of fog {unknown}
 r - a scroll of noise {unknown}
 s - a scroll of enchant weapon {unknown}
Potions
 d - a potion of curing
 q - a potion of brilliance
 t - a potion of heal wounds
 u - a potion of agility
Books
 b - a Young Poisoner's Handbook

   Spells                             Type                      Level
   a - Sting                          Conjuration/Poison           1
   b - Poisonous Vapours              Poison/Air                   2
   c - Mephitic Cloud                 Conjuration/Poison/Air       3
   d - Olgreb's Toxic Radiance        Poison                       4
   e - Venom Bolt                     Conjuration/Poison           5
Comestibles
 c - 6 rations


   Skills:
 - Level 3.0 Dodging
 - Level 3.0 Stealth
 + Level 4.0 Spellcasting
 + Level 1.8 Conjurations
 * Level 2.3 Air Magic
 * Level 4.7 Poison Magic


You had 6 spell levels left.
You knew the following spells:

 Your Spells              Type           Power        Failure   Level  Hunger
a - Sting                 Conj/Pois      ##..         4%          1    None
b - Poisonous Vapours     Pois/Air       ##....       6%          2    ##.....
c - Mephitic Cloud        Conj/Pois/Air  ##......     14%         3    ###....


Dungeon Overview and Level Annotations

Branches:
Dungeon (5/15)
 Temple: D:4-7

Altars:

Shops:
D:4 %


Innate Abilities, Weirdness & Mutations

You are very small and have problems with some larger weapons.
You are too small for most types of armour.
You have supernaturally acute eyesight. (SInv)
You are a herbivore.
You cover ground extremely quickly.
You need consume almost no food.


Message History

The centaur shoots an arrow.
The arrow closely misses you.
Your magical contamination has completely faded away.
There is a stone staircase leading up here.
Casting: Poisonous Vapours
Confirm with . or Enter, or press ? or * to list all spells.
Aiming: Sting
Press: ? - help, Shift-Dir - straight line, f/p - two-headed ogre
Aim: a two-headed ogre, wielding a giant club and a giant spiked club (severely wounded, poisoned)
The sting hits the worker ant zombie.
The worker ant zombie completely resists.
The centaur shoots an arrow.
The arrow barely misses you.
The two-headed ogre hits you with a giant club!!
Ouch! That really hurt!
* * * LOW HITPOINT WARNING * * *
The two-headed ogre barely misses you. The worker ant zombie misses you.
You climb upwards.
There is a stone staircase leading down here.
The two-headed ogre hits you with a giant club!!
Ouch! That really hurt!
You die...

****#####** ******* ***
#**,,**.#.#.# *.*,*,****,*
..,,,,,...#.#*###.,,,,,,,,,*
.#*,,,,,.....,...,**,,##**,*
..,,,,,,..#.#*#..,,,,...,,,*
.########.#.# #.####..***********
.#......#.#.# #.#...,,*,,,,,,,,,,
.#.###.##.#.###.#O#,,,*,*********
................@>#,,,*,*********
.#..<#.##.#.###.###,,,*,*,,,,,,,,
.#####.##.#.#*#.#**,,,*,*,*,,,,,,
.#........#.†......,,,*,*,*,*****
.#.###.########.###*,,*,*,*,*
..........,,* #.# *,,*,*,*,*
##.###.###*,* #.# *,,*,*,*,* ...#
#.# *,* #.#***,,*,*<*,* ...# #.#
*,***,,,,,,,*,***,*


You could see a two-headed ogre.

Vanquished Creatures
  A scorpion (D:4)
  A hound (D:2)
  Natasha (thrice) (D:2)
  A worker ant (D:2)
  2 adders (D:2)
  A worm (D:2)
  A leopard gecko (D:5)
  2 orcs
  2 ball pythons
  9 giant cockroaches
  3 hobgoblins
  3 jackals (D:1)
  7 kobolds
  A quokka (D:3)
  A bat (D:3)
  A frilled lizard (D:4)
  5 goblins
  6 rats
50 creatures vanquished.

Notes
Turn   | Place    | Note
-------+----------+-------------------------------------------
     0 | D:1      | Kohma the Spriggan Venom Mage began the quest for the Orb.
     0 | D:1      | Reached XP level 1. HP: 9/9 MP: 5/5
   333 | D:1      | Reached XP level 2. HP: 8/13 MP: 0/6
   337 | D:1      | Learned a level 2 spell: Poisonous Vapours
   464 | D:1      | Reached skill level 1 in Conjurations
  1136 | D:2      | Reached XP level 3. HP: 16/16 MP: 0/8
  1141 | D:2      | Learned a level 3 spell: Mephitic Cloud
  1248 | D:2      | Reached XP level 4. HP: 18/21 MP: 2/10
  1400 | D:2      | Reached skill level 1 in Air Magic
  1556 | D:2      | Noticed Natasha
  1587 | D:2      | Killed Natasha
  1619 | D:2      | Noticed Natasha
  1632 | D:2      | Killed Natasha
  1632 | D:2      | Reached XP level 5. HP: 13/24 MP: 0/11
  1847 | D:2      | Noticed Natasha
  1861 | D:2      | Killed Natasha
  2860 | D:4      | Found Huhah's Food Boutique.
  2972 | D:5      | Entered Level 5 of the Dungeon
  3027 | D:5      | Noticed a two-headed ogre
  3056 | D:5      | Noticed a centaur
  3078 | D:4      | Annihilated by a two-headed ogre

Skill      XL: |  1  2  3  4  5 |
---------------+----------------+-----
Spellcasting   | 3 4 |  4.0
Conjurations   | 1 |  1.8
Air Magic      | 1 2 |  2.3
Poison Magic   | 4 |  4.7
Dodging        | |  3.0
Stealth        | |  3.0

Action                   |  1- 3 |  4- 6 || total
-------------------------+-------+-------++-------
Melee: Dagger            |    16 |     3 ||    19
 Cast: Sting             |    15 |     1 ||    16
       Poisonous Vapours |    15 |    54 ||    69
  Use: Scroll            |       |     8 ||     8
  Eat: Ration            |       |     1 ||     1
Armor: Robe              |       |     2 ||     2
Dodge: Dodged            |    21 |    14 ||    35
